cohdb
Replays
Latest Replays
All Replays
Popular Replays
Top Player Replays
Match Explorer
How It Works
Community
CoH3 Stats
Reddit
Sign in to upload your games and track your stats! →
Sign in with Steam
Match 45552226
Unlisted
Match 45552226
Overview
Messages
Build Orders
End
Kradschützen Motorcycle Team
Panzergrenadier Squad
Panzergrenadier Squad
Construct Light Support Kompanie
Panzergrenadier Squad
Selects Panzerjäger Kommand Battlegroup
Construct Mechanized Kompanie
Selects Mine Fields
Selects Tank Busters
Panzerjäger Mechanized Group
8 Rad Armored Car
Marder III Tank Destroyer
254 Reconnaissance Tractor
Selects Crew Shock Tactics
Veteran Squad Leaders
Vehicle Survival Package
Panzergrenadier Squad
Marder III Tank Destroyer
Construct Panzerarmee Kommand
Emergency Repair Kits
Walking Stuka Rocket Launcher
i_did_NAT_hit_her
Cooter McGavin
HulkSMASH
LW | MUERTE
0
0
Comments
sign in to comment!
No comments posted yet!